 Dungeon Crawl Stone Soup version 0.18.1-48-g4cf74bf (webtiles) character file.

38 Gargoyl the Skirmisher (level 3, -1/29 HPs)
             Began as a Demonspawn Abyssal Knight on Sept 8, 2016.
             Was a Follower of Lugonu.
             Slain by a quokka (4 damage)
             ... on level 2 of the Dungeon.
             The game lasted 00:01:51 (920 turns).

Gargoyl the Skirmisher (Demonspawn Abyssal Knight)   Turns: 920, Time: 00:01:52

Health: -1/29      AC:  3    Str: 13    XL:     3   Next: 25%
Magic:  5/5        EV: 11    Int: 13    God:    Lugonu [*.....]
Gold:   24         SH:  0    Dex: 12    Spells: 0 memorised, 2 levels left

rFire  . . .     SeeInvis .     d - +3 hand axe
rCold  . . .     Gourm    .     b - +0 leather armour
rNeg   . . .     Faith    .     (no shield)
rPois  .         Spirit   .     (helmet restricted)
rElec  .         Dismiss  .     (no cloak)
rCorr  .         Reflect  .     (no gloves)
SustAt .         Harm     .     (no boots)
MR     .....                    (no amulet)
Stlth  +.........               (no ring)
                                (no ring)

@: not resistant to hostile enchantments, very unstealthy
A: horns 1
a: Depart the Abyss, Renounce Religion


You were on level 2 of the Dungeon.
You worshipped Lugonu.
Lugonu was aware of your devotion.
You were not hungry.

You visited 1 branch of the dungeon, and saw 2 of its levels.
You visited the Abyss 1 time.

You collected 24 gold pieces.

Inventory:

Hand Weapons
 d - a +3 hand axe (weapon)
 e - a +3 whip
Armour
 b - a +0 leather armour (worn)
Jewellery
 h - an uncursed amulet of rage {unknown}
Scrolls
 a - a scroll of noise {unknown}
 j - 3 scrolls of identify {unknown}
 l - 3 scrolls of blinking {unknown}
Potions
 g - a potion of mutation {unknown}
Comestibles
 c - 3 bread rations
 f - 2 meat rations


   Skills:
 + Level 3.6 Fighting
 + Level 2.1 Axes
 + Level 2.2 Armour
 + Level 1.1 Dodging
 + Level 2.7 Invocations


You had 2 spell levels left.
You didn't know any spells.

Dungeon Overview and Level Annotations

Branches:
Dungeon (2/15)

Altars:


Innate Abilities, Weirdness & Mutations

You have a pair of small horns on your head.


Message History

The jackal is moderately wounded.
You closely miss the jackal. You hit the quokka.
The quokka is moderately wounded.
You closely miss the jackal. You hit the jackal.
The jackal is moderately wounded.
The jackal bites you. The quokka completely misses you.
The jackal closely misses you. The jackal bites you.
* * * LOW HITPOINT WARNING * * *
The jackal bites you but does no damage.
The jackal bites you.
* * * LOW HITPOINT WARNING * * *
The quokka closely misses you. The jackal misses you.
The jackal barely misses you.
Drink which item? (? for menu, Esc to quit)
It was a potion of magic.
Magic courses through your body.
The jackal bites you but does no damage. x2
The jackal bites you.
* * * LOW HITPOINT WARNING * * *
The jackal barely misses you. The quokka bites you.
You die...

........).....#######.
.###...........##...#.
##..!......#....>... .#
##..........##.......
...#...##.#######.......
##...#.##.## #......†
...........# ##......
........h..# ##...##
......r@h..# ######
#......hh...#
................
.......####......
#####.. ...... #..
...... ##. ...... ##
.....


You could see a quokka and 4 jackals.

Vanquished Creatures
  An adder (D:2)
  A giant gecko (D:2)
  3 bats
  3 giant cockroaches (D:1)
  4 goblins
  3 hobgoblins (D:1)
  3 kobolds (D:1)
  A giant newt (D:1)
  6 rats
25 creatures vanquished.

Notes
Turn   | Place    | Note
--------------------------------------------------------------
     0 | Abyss:1  | Gargoyl the Demonspawn Abyssal Knight began the quest for the Orb.
     0 | Abyss:1  | Reached XP level 1. HP: 18/18 MP: 2/2
    37 | Abyss:1  | Found a roughly hewn altar of Beogh.
    44 | Abyss:1  | Noticed a six-headed hydra skeleton
    66 | Abyss:1  | Noticed a large abomination
    68 | Abyss:1  | Noticed a large abomination
   125 | Abyss:1  | Noticed a small abomination
   130 | Abyss:1  | Noticed a great orb of eyes
   131 | D:1      | Escaped the Abyss
   304 | D:1      | Reached * piety under Lugonu
   361 | D:1      | Reached skill level 1 in Dodging
   437 | D:1      | Gained mutation: You have a pair of small horns on your head. [demonic ancestry]
   437 | D:1      | Reached XP level 2. HP: 23/24 MP: 3/3
   916 | D:2      | Reached XP level 3. HP: 15/29 MP: 3/5
   920 | D:2      | Slain by a quokka

Skill      XL: |  1  2 |
---------------+-------+-----
Dodging        | 1 |  1.1
Axes           | 2 |  2.1
Armour         | 2 |  2.2
Fighting       | |  3.6
Invocations    | |  2.7

Action                   || total
-------------------------++-------
Melee: Hand axe          ||    53
       Headbutt          ||     3
Invok: Depart the Abyss  ||     1
  Use: Potion            ||     1
Armor: Leather armour    ||    18
Dodge: Dodged            ||    50
